 Dungeon Crawl Stone Soup version 0.19-a0-1637-gfc13266 (webtiles) character file.

1103 Amciq the Ducker (level 8, 0/79 HPs)
             Began as a Troll Monk on Sept 19, 2016.
             Was a Priest of Trog.
             Slain by Sigmund
             ... wielding a +0 scythe
              (8 damage)
             ... on level 5 of the Dungeon.
             The game lasted 00:14:06 (3407 turns).

Amciq the Ducker (Troll Monk)                       Turns: 3407, Time: 00:14:06

Health: 0/79       AC:  5    Str: 21    XL:     8   Next: 11%
Magic:  7/7        EV: 12    Int:  6    God:    Trog [***...]
Gold:   47         SH:  0    Dex: 13    Spells: 0 memorised, 7 levels left

rFire  . . .     SeeInvis .     r - +0 giant spiked club
rCold  . . .     Gourm    +     a - +0 robe
rNeg   . . .     Faith    .     (shield currently unavailable)
rPois  .         Spirit   .     (helmet restricted)
rElec  .         Dismiss  .     (no cloak)
rCorr  .         Reflect  .     (gloves unavailable)
MR     .....     Harm     .     (boots unavailable)
Stlth  +.........               (no amulet)
                                (no ring)
                                (no ring)

@: exhausted, slowed, very slow
A: unfitting armour, claws 3, fast metabolism 3, gourmand, regeneration 1,
shaggy fur 1, tough skin 2
a: Berserk, Trog's Hand, Burn Spellbooks, Renounce Religion


You were on level 5 of the Dungeon.
You worshipped Trog.
Trog was most pleased with you.
You were very full.

You visited 1 branch of the dungeon, and saw 5 of its levels.

You collected 244 gold pieces.
You spent 197 gold pieces at shops.

Inventory:

Hand Weapons
 p - a +2 whip of electrocution
 r - a +0 giant spiked club (weapon)
Missiles
 d - 109 stones (quivered)
Armour
 a - a +0 robe (worn)
Wands
 m - a wand of iceblast (11/15)
 v - a wand of polymorph (12/24)
Scrolls
 c - 5 scrolls of remove curse
 g - 2 scrolls of identify
 i - 3 scrolls of blinking
 j - a scroll of noise {unknown}
 l - a scroll of recharging
 s - a scroll of immolation {unknown}
 u - a scroll of teleportation
Potions
 e - a potion of heal wounds {unknown}
 f - a potion of mutation {unknown}
 h - a potion of curing {unknown}
 n - a potion of flight {unknown}
 o - a potion of might
 q - 2 potions of cure mutation {unknown}
 t - 2 potions of lignification {unknown}
Comestibles
 b - 6 bread rations
 k - 2 meat rations


   Skills:
 + Level 4.5 Fighting
 + Level 3.1 Maces & Flails
 + Level 3.8 Armour
 + Level 4.6 Dodging
 - Level 1.1 Stealth
 - Level 4.0 Unarmed Combat


You had 7 spell levels left.
You didn't know any spells.

Dungeon Overview and Level Annotations

Branches:
Dungeon (5/15)
 Temple: D:4-7

Altars:
Fedhas
Hepliaklqana
Kikubaaqudgha
Makhleb
Sif Muna
Trog
Yredelemnul
Zin
The Shining One

Shops:
D:5 *

Annotations:
D:5 Sigmund


Innate Abilities, Weirdness & Mutations

You are too large for most types of armour.
You have claws for hands.
Your metabolism is lightning-fast.
You like to eat raw meat.
Your natural rate of healing is unusually fast.
You are covered in fur. (AC +1)
You have very tough skin. (AC +2)


Message History

You completely miss something.
You hear some strange, mumbled words.
You are confused.
You miss something.
You are no longer berserk.
You are exhausted.
You feel yourself slow down.
You hear some strange, mumbled words.
A puff of flame appears from out of thin air!
The puff of flame hits you!
* * * LOW HITPOINT WARNING * * *
Something hits you.
* * * LOW HITPOINT WARNING * * *
You bump into the rock wall.
Something hits you but does no damage.
You closely miss something. Something hits you!
* * * LOW HITPOINT WARNING * * *
You bump into the rock wall.
You feel less confused. Something hits you!
You die...

#.#.................
#.#..###.###........
#.#..###'###........
#...##≈≈.≈≈##.......
###.#≈≈≈.≈≈≈#.......
#.#≈≈...≈≈#.......
#.#≈≈._.≈≈#.......
#.#≈≈...≈≈#.......
#@#≈≈≈≈≈≈≈#.......
#{##≈≈≈≈≈##.......
#..#######........
####.......@.........
......................
#####......o..........
#.................
#......)..........
+........÷.......[


There were no monsters in sight!

Vanquished Creatures
  Prince Ribbit (D:5)
  An ice beast (D:5)
  An ogre (D:4)
  A scorpion (D:4)
  A howler monkey (D:4)
  2 hounds (D:5)
  A jelly (D:5)
  An orc priest (D:4)
  A gnoll shaman (D:3)
  3 iguanas
  4 orc wizards (D:4)
  4 worker ants
  Robin (D:2)
  5 gnolls (D:3)
  A howler monkey skeleton (D:4)
  4 adders
  An adder skeleton (D:4)
  3 worms
  2 dart slugs (D:1)
  2 leopard geckos
  8 orcs
  3 bat zombies (D:3)
  3 giant cockroaches
  11 goblins
  20 hobgoblins
  9 jackals
  4 kobolds
  A quokka (D:4)
  A ball python (D:1)
  2 bats (D:1)
  9 frilled lizards
  4 rats
  2 rat zombies (D:3)
117 creatures vanquished.

Notes
Turn   | Place    | Note
-------+----------+-------------------------------------------
     0 | D:1      | Amciq the Troll Monk began the quest for the Orb.
     0 | D:1      | Reached XP level 1. HP: 22/22 MP: 0/0
   364 | D:1      | Reached XP level 2. HP: 25/29 MP: 1/1
   741 | D:2      | Reached XP level 3. HP: 32/36 MP: 2/2
   761 | D:2      | Found a blossoming altar of Fedhas.
   799 | D:2      | Reached skill level 1 in Armour
   865 | D:2      | Noticed Robin
   879 | D:2      | Killed Robin
   889 | D:2      | Reached XP level 4. HP: 40/44 MP: 3/3
   899 | D:2      | Found a bloodstained altar of Trog.
   922 | D:2      | Became a worshipper of Trog the Wrathful
   922 | D:2      | Reached * piety under Trog
   922 | D:2      | Reached ** piety under Trog
  1521 | D:3      | Reached XP level 5. HP: 20/53 MP: 4/4
  1653 | D:3      | Found a glowing golden altar of the Shining One.
  1780 | D:3      | Found a hazy altar of Hepliaklqana.
  2000 | D:3      | Found an ancient bone altar of Kikubaaqudgha.
  2003 | D:3      | Reached *** piety under Trog
  2269 | D:4      | Reached XP level 6. HP: 47/61 MP: 5/5
  2302 | D:4      | Reached skill level 1 in Maces & Flails
  2495 | D:4      | Reached XP level 7. HP: 64/68 MP: 6/6
  2497 | D:4      | Found a burning altar of Makhleb.
  2643 | D:4      | Found a glowing silver altar of Zin.
  2644 | D:4      | Noticed an angel
  2646 | D:4      | Noticed a cacodemon
  2722 | D:4      | Found a basalt altar of Yredelemnul.
  2928 | D:5      | Entered Level 5 of the Dungeon
  2952 | D:5      | Noticed Prince Ribbit
  3030 | D:5      | Killed Prince Ribbit
  3139 | D:5      | Found Kuonne Nuem's General Store.
  3162 | D:5      | Bought a scroll of teleportation for 33 gold pieces
  3162 | D:5      | Bought a scroll of blinking for 82 gold pieces
  3162 | D:5      | Bought a scroll of blinking for 82 gold pieces
  3215 | D:5      | Found a deep blue altar of Sif Muna.
  3245 | D:5      | Reached XP level 8. HP: 73/79 MP: 7/7
  3339 | D:5      | Noticed Sigmund
  3407 | D:5      | Slain by Sigmund

Vault maps used:
D:1:      lemuel_arrival_rhombus
D:2:      bloody_trog, lemuel_crystal_altar, uniq_robin
D:3:      lemuel_doored_altar, lemuel_round_altar,
          lemuel_zombie_altar_kikubaaqudgha, first_bread
D:4:      grunt_temple_overflow_order_and_chaos_2, kennysheep_little_box
D:5:      led_sif_pool, serial_shops, shop, uniq_sigmund, uniq_grinder,
          uniq_blork_the_orc, uniq_prince_ribbit1

Skill      XL: |  1  2  3  4  5  6  7 |
---------------+----------------------+-----
Armour         | 1 2 3 |  3.8
Dodging        | 3 4 |  4.6
Fighting       | 3 4 |  4.5
Unarmed Combat | 4 |  4.0
Maces & Flails | 2 3 |  3.1
Stealth        | |  1.1

Action                   |  1- 3 |  4- 6 |  7- 9 || total
-------------------------+-------+-------+-------++-------
Melee: Unarmed           |    79 |   188 |    11 ||   278
       Punch             |     1 |       |       ||     1
       Giant spiked club |       |       |    76 ||    76
Throw: Stone             |       |       |     1 ||     1
Invok: Berserk           |       |     2 |     4 ||     6
       Trog's Hand       |       |     1 |     1 ||     2
       Burn Spellbooks   |       |       |     1 ||     1
  Use: Scroll            |       |       |     5 ||     5
 Stab: Sleeping          |     2 |     2 |       ||     4
  Eat: Chunk             |    13 |    18 |    12 ||    43
Armor: Robe              |    23 |    37 |    27 ||    87
Dodge: Dodged            |    27 |    93 |    67 ||   187
